[ AOE2 MATCH · #481761855 ]
Team RMInca vs Franks
[ REPLAY ANALYSIS · EXTRACTED FROM THE RECORDED GAME ]
Feudal
10:13
Castle
13:44
Imperial
27:31
| APM avg | 28.0 |
| APM peak | 58 |
| eAPM avg | 16.8 |
| Villagers / military | 200 / 502 |
Focus
⚔️ 45.3% · 🌾 54.7%
Spearman ×245 · Petard ×222 · Kamayuk ×15 · Battering Ram ×11 · Trebuchet (Packed) ×7 · Mangonel ×2
Feudal
10:58
Castle
14:36
Imperial
32:54
| APM avg | 21.3 |
| APM peak | 40 |
| eAPM avg | 13.7 |
| Villagers / military | 150 / 266 |
Focus
⚔️ 33.8% · 🌾 66.2%
Throwing Axeman ×120 · Scout Cavalry ×60 · Knight ×55 · Trade Cart ×26 · Bombard Cannon ×14 · Battering Ram ×6
Feudal
10:38
Castle
16:30
Imperial
28:59
| APM avg | 53.6 |
| APM peak | 105 |
| eAPM avg | 27.7 |
| Villagers / military | 138 / 543 |
Focus
⚔️ 48.6% · 🌾 51.4%
Scout Cavalry ×360 · Archer ×173 · Trebuchet (Packed) ×5 · Monk ×3 · Knight ×1 · Camel Scout ×1
Feudal
10:15
Castle
13:53
Imperial
35:14
| APM avg | 20.5 |
| APM peak | 40 |
| eAPM avg | 15.7 |
| Villagers / military | 118 / 499 |
Focus
⚔️ 50.3% · 🌾 49.7%
Skirmisher ×197 · Spearman ×178 · Jaguar Warrior ×101 · Battering Ram ×15 · Monk ×5 · Trebuchet (Packed) ×3
Match map
Initial resources + every placement click. Lines = walls · curves = elevation contours. ◆ gold · ⬟ stone · ● berries · ✦ relic · ◌ wall gap
Your base· ✓ Closed at 13:44 · 0t walls · 2 gate(s)
Cabbage's base· ✓ Closed at 14:36 · 0t walls · 2 gate(s)
El facturador's base· ✓ Closed at 16:30 · 0t walls · 2 gate(s)
Psalms18:2's base· ✓ Closed at 13:53 · 0t walls · 2 gate(s)
Smoothed initial terrain · ◌ = detected wall gap · hover for details
Inputs per minute
— Movinup14 - - Cabbage
Build order — Movinup14
First 150 of 448 actions detected
| 0:01 | Create | Villager (Male) |
| 0:02 | Build | House |
| 0:04 | Build | House |
| 0:12 | Create | Villager (Male) |
| 0:12 | Create | Villager (Male) |
| 0:13 | Create | Villager (Male) |
| 1:25 | Create | Villager (Male) |
| 1:25 | Create | Villager (Male) |
| 1:48 | Build | Settlement |
| 2:08 | Create | Villager (Male) |
| 2:08 | Create | Villager (Male) |
| 2:51 | Create | Villager (Male) |
| 2:51 | Create | Villager (Male) |
| 3:24 | Create | Villager (Male) |
| 3:24 | Create | Villager (Male) |
| 3:25 | Create | Villager (Male) |
| 3:25 | Create | Villager (Male) |
| 4:10 | Build | Settlement |
| 4:18 | Create | Villager (Male) |
| 4:18 | Create | Villager (Male) |
| 4:18 | Create | Villager (Male) |
| 4:18 | Create | Villager (Male) |
| 5:14 | Create | Villager (Male) |
| 5:14 | Create | Villager (Male) |
| 5:15 | Create | Villager (Male) |
| 6:18 | Create | Villager (Male) |
| 6:18 | Create | Villager (Male) |
| 6:45 | Create | Villager (Male) |
| 6:46 | Create | Villager (Male) |
| 6:46 | Create | Villager (Male) |
| 8:00 | Research | Feudal Age |
| 8:00 | Research | Feudal Age |
| 8:32 | Create | Villager (Male) |
| 8:32 | Create | Villager (Male) |
| 10:13 | Age | Feudal Age |
| 10:14 | Build | Market |
| 10:16 | Build | Blacksmith |
| 10:37 | Research | Double-Bit Axe |
| 11:04 | Research | Castle Age |
| 11:04 | Research | Castle Age |
| 11:33 | Research | Horse Collar |
| 11:51 | Build | Settlement |
| 12:50 | Build | Farm |
| 12:53 | Build | Farm |
| 12:56 | Create | Villager (Male) |
| 12:56 | Create | Villager (Male) |
| 13:42 | Create | Villager (Male) |
| 13:44 | Age | Castle Age |
| 13:46 | Build | Town Center |
| 13:51 | Build | Town Center |
| 13:55 | Build | Farm |
| 13:55 | Build | Farm |
| 14:09 | Create | Villager (Male) |
| 14:17 | Build | Farm |
| 14:20 | Build | Farm |
| 14:29 | Build | Farm |
| 14:44 | Build | Farm |
| 15:08 | Build | Farm |
| 15:12 | Create | Villager (Male) |
| 15:12 | Create | Villager (Male) |
| 15:14 | Create | Villager (Male) |
| 15:14 | Create | Villager (Male) |
| 15:14 | Create | Villager (Male) |
| 15:24 | Build | Farm |
| 15:30 | Build | Farm |
| 15:32 | Build | Farm |
| 15:34 | Create | Villager (Male) |
| 15:34 | Create | Villager (Male) |
| 15:51 | Build | Farm |
| 15:57 | Create | Villager (Male) |
| 15:57 | Create | Villager (Male) |
| 16:16 | Build | Settlement |
| 16:34 | Build | Stone Wall |
| 16:38 | Build | Stone Wall |
| 16:40 | Build | Stone Wall |
| 16:42 | Build | Stone Wall |
| 16:44 | Build | Stone Wall |
| 16:48 | Create | Villager (Male) |
| 16:48 | Create | Villager (Male) |
| 16:48 | Create | Villager (Male) |
| 16:49 | Create | Villager (Male) |
| 16:58 | Build | Stone Wall |
| 17:25 | Create | Villager (Male) |
| 17:25 | Create | Villager (Male) |
| 17:25 | Create | Villager (Male) |
| 17:26 | Create | Villager (Male) |
| 17:26 | Create | Villager (Male) |
| 17:32 | Build | Stone Wall |
| 17:38 | Build | Stone Wall |
| 17:43 | Create | Villager (Male) |
| 17:43 | Create | Villager (Male) |
| 17:46 | Build | Farm |
| 17:46 | Build | Farm |
| 17:46 | Build | Farm |
| 17:47 | Build | Farm |
| 17:47 | Build | Farm |
| 17:47 | Build | Farm |
| 17:47 | Build | Farm |
| 17:48 | Build | Farm |
| 18:01 | Create | Villager (Male) |
| 18:02 | Create | Villager (Male) |
| 18:16 | Research | Loom |
| 18:24 | Build | Farm |
| 18:24 | Build | Farm |
| 18:25 | Build | Farm |
| 18:29 | Create | Villager (Male) |
| 18:29 | Create | Villager (Male) |
| 18:29 | Create | Villager (Male) |
| 18:31 | Create | Villager (Male) |
| 18:34 | Build | Farm |
| 18:34 | Build | Farm |
| 18:34 | Build | Farm |
| 18:52 | Create | Villager (Male) |
| 18:53 | Create | Villager (Male) |
| 19:03 | Create | Villager (Male) |
| 19:03 | Create | Villager (Male) |
| 19:03 | Create | Villager (Male) |
| 19:04 | Create | Villager (Male) |
| 19:17 | Create | Villager (Male) |
| 19:18 | Create | Villager (Male) |
| 19:18 | Create | Villager (Male) |
| 19:29 | Build | Farm |
| 19:29 | Build | Farm |
| 19:37 | Research | Wheelbarrow |
| 19:37 | Research | Wheelbarrow |
| 19:43 | Build | Farm |
| 19:44 | Build | Farm |
| 19:47 | Create | Villager (Male) |
| 19:47 | Create | Villager (Male) |
| 19:52 | Create | Villager (Male) |
| 19:52 | Create | Villager (Male) |
| 20:14 | Create | Villager (Male) |
| 20:14 | Create | Villager (Male) |
| 20:15 | Create | Villager (Male) |
| 20:15 | Create | Villager (Male) |
| 20:27 | Build | Farm |
| 20:27 | Build | Farm |
| 20:28 | Build | Farm |
| 20:28 | Build | Farm |
| 20:28 | Build | Farm |
| 20:30 | Build | Farm |
| 20:30 | Build | Farm |
| 21:11 | Create | Villager (Male) |
| 21:11 | Create | Villager (Male) |
| 21:13 | Create | Villager (Male) |
| 21:30 | Build | Castle |
| 21:42 | Research | Fletching |
| 22:33 | Research | Bodkin Arrow |
| 22:34 | Create | Villager (Male) ×5 |
| 22:42 | Create | Villager (Male) ×3 |
Build order — Cabbage
First 150 of 387 actions detected
| 0:01 | Create | Villager (Male) ×4 |
| 0:02 | Build | House |
| 0:04 | Build | House |
| 1:31 | Create | Villager (Male) |
| 1:47 | Build | Lumber Camp |
| 2:00 | Create | Villager (Male) |
| 2:16 | Create | Villager (Male) |
| 2:50 | Create | Villager (Male) |
| 3:02 | Build | House |
| 3:21 | Create | Villager (Male) |
| 3:46 | Create | Villager (Male) |
| 3:46 | Create | Villager (Male) |
| 3:52 | Build | Mill |
| 4:23 | Create | Villager (Male) |
| 4:42 | Create | Villager (Male) |
| 4:46 | Build | House |
| 4:52 | Create | Villager (Male) |
| 5:22 | Create | Villager (Male) |
| 5:43 | Create | Villager (Male) |
| 5:43 | Create | Villager (Male) |
| 5:44 | Create | Villager (Male) |
| 6:32 | Create | Villager (Male) |
| 7:58 | Create | Villager (Male) |
| 7:58 | Create | Villager (Male) |
| 8:09 | Research | Feudal Age |
| 8:25 | Build | Farm |
| 8:26 | Build | Farm |
| 8:33 | Build | Mining Camp |
| 9:44 | Create | Villager (Male) |
| 9:44 | Create | Villager (Male) |
| 9:50 | Build | House |
| 10:08 | Build | Farm |
| 10:55 | Build | Farm |
| 10:58 | Age | Feudal Age |
| 11:08 | Build | Market |
| 11:16 | Build | Blacksmith |
| 11:56 | Research | Castle Age |
| 12:21 | Build | Mining Camp |
| 12:33 | Research | Stone Mining |
| 12:36 | Research | Double-Bit Axe |
| 12:36 | Research | Double-Bit Axe |
| 13:33 | Research | Forging |
| 14:31 | Research | Loom |
| 14:33 | Research | Town Watch |
| 14:36 | Age | Castle Age |
| 14:55 | Create | Villager (Male) |
| 15:01 | Research | Bow Saw |
| 15:29 | Research | Gold Mining |
| 15:30 | Create | Villager (Male) |
| 15:52 | Build | Castle |
| 15:56 | Create | Villager (Male) |
| 15:59 | Build | Farm |
| 16:11 | Build | House |
| 16:15 | Build | House |
| 16:26 | Build | House |
| 16:31 | Build | House |
| 16:32 | Create | Villager (Male) |
| 16:33 | Create | Villager (Male) |
| 16:56 | Build | House |
| 17:07 | Research | Fletching |
| 17:24 | Build | Farm |
| 17:25 | Build | Farm |
| 17:31 | Build | Town Center |
| 17:44 | Build | Mining Camp |
| 18:12 | Build | Farm |
| 18:12 | Create | Villager (Male) |
| 18:31 | Build | Mining Camp |
| 18:36 | Create | Villager (Male) |
| 18:45 | Build | Farm |
| 18:50 | Build | Monastery |
| 19:12 | Research | Wheelbarrow |
| 19:15 | Build | Farm |
| 19:29 | Create | Throwing Axeman |
| 19:40 | Build | Farm |
| 19:40 | Build | Farm |
| 19:42 | Create | Villager (Male) |
| 19:45 | Create | Monk |
| 20:09 | Create | Villager (Male) |
| 20:20 | Create | Villager (Male) |
| 20:44 | Create | Villager (Male) |
| 20:47 | Create | Throwing Axeman |
| 20:53 | Build | Castle |
| 20:58 | Build | Outpost |
| 21:06 | Create | Villager (Male) |
| 21:12 | Create | Monk |
| 21:13 | Create | Throwing Axeman |
| 22:27 | Create | Villager (Male) |
| 22:28 | Create | Villager (Male) |
| 22:41 | Build | Siege Workshop |
| 22:47 | Create | Villager (Male) |
| 22:47 | Create | Villager (Male) |
| 22:47 | Research | Hand Cart |
| 22:49 | Create | Throwing Axeman |
| 22:50 | Create | Throwing Axeman |
| 23:38 | Build | Outpost |
| 23:50 | Build | Barracks |
| 24:27 | Create | Villager (Male) |
| 24:28 | Create | Villager (Male) |
| 24:28 | Create | Villager (Male) |
| 24:36 | Create | Battering Ram |
| 24:36 | Create | Battering Ram |
| 24:42 | Build | Siege Workshop |
| 24:46 | Research | Hand Cart |
| 25:19 | Create | Villager (Male) |
| 25:22 | Build | University |
| 25:25 | Research | Gold Shaft Mining |
| 25:26 | Create | Villager (Male) |
| 25:26 | Create | Villager (Male) |
| 25:42 | Create | Battering Ram |
| 25:52 | Create | Battering Ram |
| 25:52 | Create | Battering Ram |
| 25:56 | Create | Villager (Male) |
| 25:56 | Create | Villager (Male) |
| 26:12 | Create | Battering Ram |
| 26:14 | Create | Villager (Male) |
| 26:30 | Research | Bodkin Arrow |
| 26:45 | Create | Villager (Male) |
| 27:18 | Create | Throwing Axeman |
| 27:18 | Create | Throwing Axeman |
| 29:05 | Create | Villager (Male) |
| 29:05 | Create | Villager (Male) |
| 29:32 | Create | Throwing Axeman |
| 29:33 | Create | Throwing Axeman |
| 29:45 | Research | Imperial Age |
| 30:01 | Create | Villager (Male) |
| 30:01 | Create | Villager (Male) |
| 30:14 | Create | Throwing Axeman |
| 30:15 | Create | Throwing Axeman |
| 30:20 | Create | Petard |
| 30:29 | Research | Town Patrol |
| 30:30 | Create | Villager (Male) |
| 30:30 | Create | Villager (Male) |
| 30:36 | Build | Town Center |
| 30:43 | Create | Petard |
| 30:55 | Research | Ballistics |
| 30:56 | Research | Masonry |
| 30:57 | Create | Villager (Male) ×5 |
| 31:04 | Build | Town Center |
| 31:08 | Research | Scale Mail Armor |
| 31:59 | Create | Throwing Axeman |
| 31:59 | Create | Throwing Axeman |
| 32:03 | Create | Villager (Male) ×3 |
| 32:18 | Create | Throwing Axeman |
| 32:18 | Create | Throwing Axeman |
| 32:23 | Build | Farm |
| 32:24 | Build | Farm |
| 32:24 | Build | Farm |
| 32:24 | Build | Farm |
| 32:31 | Build | Farm |
| 32:32 | Build | Farm |
Build order — El facturador
First 150 of 858 actions detected
| 0:01 | Create | Villager (Male) |
| 0:02 | Create | Villager (Male) |
| 0:03 | Build | House |
| 0:04 | Build | House |
| 0:12 | Create | Villager (Male) |
| 0:13 | Create | Villager (Male) |
| 0:14 | Create | Villager (Male) |
| 1:26 | Create | Villager (Male) |
| 2:00 | Create | Villager (Male) |
| 2:18 | Build | Lumber Camp |
| 2:38 | Create | Villager (Male) |
| 2:47 | Create | Villager (Male) |
| 2:59 | Create | Villager (Male) |
| 3:18 | Create | Villager (Male) |
| 3:19 | Create | Villager (Male) |
| 3:33 | Build | House |
| 3:39 | Create | Villager (Male) |
| 3:44 | Create | Villager (Male) |
| 3:59 | Build | Mill |
| 4:14 | Create | Villager (Male) |
| 4:38 | Create | Villager (Male) |
| 5:32 | Create | Villager (Male) |
| 5:38 | Build | House |
| 5:41 | Create | Villager (Male) |
| 5:45 | Create | Villager (Male) |
| 5:46 | Create | Villager (Male) |
| 5:47 | Create | Villager (Male) |
| 6:09 | Create | Villager (Male) |
| 6:17 | Create | Villager (Male) |
| 6:54 | Build | Barracks |
| 7:06 | Create | Villager (Male) |
| 7:07 | Create | Villager (Male) |
| 7:36 | Build | House |
| 8:18 | Research | Feudal Age |
| 8:23 | Build | Mining Camp |
| 9:11 | Build | Farm |
| 9:28 | Create | Villager (Male) |
| 9:29 | Create | Villager (Male) |
| 10:38 | Age | Feudal Age |
| 10:41 | Build | Stable |
| 10:50 | Build | Market |
| 10:58 | Create | Villager (Male) |
| 11:03 | Research | Double-Bit Axe |
| 11:07 | Create | Villager (Male) |
| 11:20 | Build | House |
| 11:51 | Create | Scout Cavalry |
| 11:52 | Create | Scout Cavalry |
| 12:04 | Build | Farm |
| 12:06 | Build | Farm |
| 12:22 | Create | Villager (Male) |
| 12:27 | Create | Scout Cavalry |
| 12:31 | Build | Farm |
| 12:33 | Build | Farm |
| 12:46 | Build | Farm |
| 12:51 | Build | Farm |
| 13:04 | Create | Villager (Male) |
| 13:08 | Build | Farm |
| 13:21 | Build | Farm |
| 13:50 | Research | Castle Age |
| 14:06 | Build | House |
| 14:57 | Build | Farm |
| 14:59 | Build | Farm |
| 15:01 | Build | Farm |
| 15:03 | Research | Horse Collar |
| 15:39 | Build | Farm |
| 16:30 | Age | Castle Age |
| 16:35 | Research | Bow Saw |
| 16:41 | Build | Town Center |
| 16:59 | Build | Monastery |
| 17:13 | Create | Villager (Male) |
| 17:20 | Build | Town Center |
| 17:31 | Create | Villager (Male) |
| 17:44 | Create | Villager (Male) |
| 17:44 | Create | Villager (Male) |
| 17:47 | Build | Farm |
| 18:00 | Create | Monk |
| 18:14 | Create | Villager (Male) |
| 18:14 | Create | Villager (Male) |
| 18:21 | Build | Farm |
| 18:23 | Build | Farm |
| 18:26 | Build | Farm |
| 18:28 | Build | Farm |
| 18:32 | Create | Villager (Male) |
| 18:33 | Create | Villager (Male) |
| 18:34 | Create | Villager (Male) |
| 18:51 | Create | Monk |
| 18:53 | Create | Villager (Male) |
| 18:53 | Create | Villager (Male) |
| 18:54 | Create | Villager (Male) |
| 18:55 | Create | Villager (Male) |
| 19:02 | Build | Farm |
| 19:05 | Build | Farm |
| 19:07 | Build | Farm |
| 19:10 | Build | Farm |
| 19:22 | Create | Villager (Male) |
| 19:22 | Create | Villager (Male) |
| 19:23 | Create | Villager (Male) |
| 20:03 | Create | Villager (Male) |
| 20:05 | Build | House |
| 20:29 | Create | Villager (Male) |
| 20:30 | Research | Wheelbarrow |
| 20:35 | Build | Farm |
| 20:35 | Build | Farm |
| 20:36 | Build | Farm |
| 20:36 | Build | Farm |
| 20:37 | Create | Villager (Male) |
| 20:38 | Create | Villager (Male) |
| 20:46 | Build | House |
| 20:47 | Build | House |
| 20:49 | Build | House |
| 20:52 | Build | Farm |
| 21:11 | Create | Villager (Male) |
| 21:12 | Create | Villager (Male) |
| 21:13 | Create | Villager (Male) |
| 21:15 | Build | House |
| 21:39 | Create | Villager (Male) |
| 21:41 | Build | House |
| 21:42 | Create | Villager (Male) |
| 21:45 | Build | Farm |
| 21:45 | Build | Farm |
| 21:50 | Build | House |
| 21:54 | Build | Farm |
| 21:55 | Create | Villager (Male) |
| 21:56 | Create | Villager (Male) |
| 22:11 | Build | House |
| 22:12 | Build | House |
| 22:16 | Create | Villager (Male) |
| 22:17 | Create | Villager (Male) |
| 22:27 | Build | House |
| 22:31 | Build | Farm |
| 22:32 | Create | Villager (Male) |
| 23:16 | Build | Farm |
| 23:16 | Build | Farm |
| 23:16 | Build | Farm |
| 23:17 | Build | Farm |
| 23:18 | Create | Villager (Male) |
| 23:19 | Create | Villager (Male) |
| 23:20 | Create | Villager (Male) |
| 23:50 | Create | Villager (Male) |
| 23:51 | Create | Villager (Male) |
| 23:52 | Create | Villager (Male) |
| 24:01 | Build | Farm |
| 24:06 | Build | Farm |
| 24:07 | Create | Villager (Male) |
| 24:08 | Create | Villager (Male) |
| 24:25 | Build | House |
| 24:39 | Build | University |
| 24:47 | Create | Villager (Male) |
| 24:48 | Create | Villager (Male) |
| 25:15 | Create | Villager (Male) |
Build order — Psalms18:2
First 150 of 630 actions detected
| 0:01 | Create | Villager (Male) |
| 0:01 | Create | Villager (Male) |
| 0:02 | Create | Villager (Male) |
| 0:03 | Build | House |
| 0:05 | Build | House |
| 0:32 | Create | Villager (Male) |
| 0:32 | Create | Villager (Male) |
| 1:35 | Create | Villager (Male) |
| 1:35 | Create | Villager (Male) |
| 1:50 | Build | Lumber Camp |
| 2:06 | Create | Villager (Male) |
| 2:28 | Create | Villager (Male) |
| 2:53 | Create | Villager (Male) |
| 2:53 | Create | Villager (Male) |
| 3:26 | Build | House |
| 3:48 | Create | Villager (Male) |
| 4:09 | Create | Villager (Male) |
| 4:10 | Create | Villager (Male) |
| 4:40 | Build | Mill |
| 5:10 | Create | Villager (Male) |
| 5:10 | Research | Loom |
| 5:10 | Create | Villager (Male) |
| 5:11 | Create | Villager (Male) |
| 5:16 | Create | Villager (Male) |
| 5:43 | Create | Villager (Male) |
| 5:44 | Create | Villager (Male) |
| 5:56 | Build | House |
| 6:30 | Create | Villager (Male) |
| 7:23 | Create | Villager (Male) |
| 7:26 | Build | Mining Camp |
| 8:02 | Research | Feudal Age |
| 8:31 | Create | Villager (Male) |
| 8:31 | Create | Villager (Male) |
| 10:15 | Age | Feudal Age |
| 10:17 | Build | Market |
| 10:25 | Build | Blacksmith |
| 11:13 | Research | Castle Age |
| 11:28 | Build | Mining Camp |
| 11:43 | Research | Double-Bit Axe |
| 12:10 | Create | Villager (Male) |
| 12:18 | Build | House |
| 12:28 | Research | Loom |
| 12:43 | Research | Horse Collar |
| 13:27 | Create | Villager (Male) |
| 13:53 | Age | Castle Age |
| 13:57 | Build | Farm |
| 13:57 | Build | Farm |
| 13:57 | Build | Farm |
| 13:58 | Build | Farm |
| 13:58 | Build | Farm |
| 13:58 | Build | Farm |
| 13:58 | Build | Farm |
| 13:59 | Build | Farm |
| 13:59 | Build | Farm |
| 14:31 | Create | Villager (Male) |
| 14:59 | Build | Barracks |
| 15:12 | Create | Villager (Male) |
| 15:19 | Create | Villager (Male) |
| 15:25 | Build | Farm |
| 15:46 | Create | Spearman |
| 15:57 | Build | Farm |
| 16:27 | Create | Spearman |
| 16:34 | Build | House |
| 16:51 | Build | Castle |
| 17:02 | Create | Villager (Male) |
| 17:02 | Create | Villager (Male) |
| 17:03 | Create | Villager (Male) |
| 17:36 | Build | Farm |
| 17:57 | Build | Monastery |
| 18:00 | Create | Villager (Male) |
| 18:16 | Create | Villager (Male) |
| 18:25 | Build | Town Center |
| 18:45 | Build | House |
| 18:46 | Build | House |
| 18:46 | Build | House |
| 18:46 | Build | House |
| 18:46 | Build | House |
| 18:47 | Build | House |
| 18:47 | Build | House |
| 18:47 | Build | House |
| 18:48 | Build | House |
| 18:51 | Create | Monk |
| 19:11 | Create | Jaguar Warrior |
| 19:11 | Create | Jaguar Warrior |
| 19:14 | Create | Villager (Male) |
| 19:15 | Create | Villager (Male) |
| 19:16 | Create | Villager (Male) |
| 19:27 | Build | Farm |
| 19:28 | Build | Farm |
| 19:28 | Build | Farm |
| 19:28 | Build | Farm |
| 19:29 | Build | Farm |
| 19:29 | Build | Farm |
| 19:48 | Create | Monk |
| 20:23 | Create | Villager (Male) |
| 20:26 | Create | Villager (Male) |
| 20:26 | Create | Villager (Male) |
| 20:35 | Build | Farm |
| 20:36 | Build | Farm |
| 20:36 | Build | Farm |
| 20:36 | Build | Farm |
| 20:36 | Build | Farm |
| 20:37 | Build | Farm |
| 21:02 | Create | Villager (Male) |
| 21:03 | Create | Villager (Male) |
| 21:04 | Create | Villager (Male) |
| 21:04 | Create | Villager (Male) |
| 21:40 | Create | Villager (Male) |
| 21:42 | Create | Villager (Male) |
| 21:54 | Create | Villager (Male) |
| 21:54 | Create | Villager (Male) |
| 22:03 | Build | Farm |
| 22:03 | Build | Farm |
| 22:03 | Build | Farm |
| 22:04 | Build | Farm |
| 22:04 | Build | Farm |
| 22:04 | Build | Farm |
| 22:17 | Build | House |
| 22:17 | Build | House |
| 22:18 | Build | House |
| 22:18 | Build | House |
| 22:18 | Build | House |
| 22:19 | Build | House |
| 22:19 | Build | House |
| 22:19 | Build | House |
| 22:19 | Build | House |
| 22:28 | Create | Jaguar Warrior |
| 22:28 | Create | Jaguar Warrior |
| 22:29 | Create | Jaguar Warrior |
| 22:29 | Create | Jaguar Warrior |
| 22:39 | Research | Scale Mail Armor |
| 22:58 | Research | Atonement |
| 23:07 | Create | Villager (Male) |
| 23:07 | Create | Villager (Male) |
| 23:08 | Create | Villager (Male) |
| 23:09 | Create | Villager (Male) |
| 23:19 | Build | Mill |
| 23:21 | Build | Farm |
| 23:21 | Build | Farm |
| 23:21 | Build | Farm |
| 23:22 | Build | Farm |
| 23:22 | Build | Farm |
| 23:22 | Build | Farm |
| 23:23 | Build | Farm |
| 23:31 | Create | Villager (Male) |
| 23:32 | Create | Villager (Male) |
| 23:44 | Create | Monk |
| 24:00 | Research | Forging |
| 24:03 | Create | Jaguar Warrior |
| 24:21 | Create | Villager (Male) |
Match timeline
| 6:54 | El facturador · first_building Barracks |
| 10:13 | Movinup14 · age_up feudal |
| 10:15 | Psalms18:2 · age_up feudal |
| 10:38 | El facturador · age_up feudal |
| 10:41 | El facturador · first_building Stable |
| 10:58 | Cabbage · age_up feudal |
| 13:44 | Movinup14 · age_up castle |
| 13:53 | Psalms18:2 · age_up castle |
| 14:36 | Cabbage · age_up castle |
| 14:59 | Psalms18:2 · first_building Barracks |
| 15:52 | Cabbage · first_building Castle |
| 16:30 | El facturador · age_up castle |
| 16:34 | Movinup14 · wall_segment Stone Wall x1 |
| 16:38 | Movinup14 · wall_segment Stone Wall x1 |
| 16:40 | Movinup14 · wall_segment Stone Wall x1 |
| 16:42 | Movinup14 · wall_segment Stone Wall x1 |
| 16:44 | Movinup14 · wall_segment Stone Wall x8 |
| 16:51 | Psalms18:2 · first_building Castle |
| 16:58 | Movinup14 · wall_segment Stone Wall x13 |
| 16:59 | El facturador · first_building Monastery |
| 17:32 | Movinup14 · wall_segment Stone Wall x4 |
| 17:38 | Movinup14 · wall_segment Stone Wall x5 |
| 17:57 | Psalms18:2 · first_building Monastery |
| 18:06 | Cabbage · first_market_sell 100 wood |
| 18:50 | Cabbage · first_building Monastery |
| 21:16 | Movinup14 · first_market_sell 500 food |
| 21:18 | Movinup14 · first_market_buy 500 stone |
| 21:30 | Movinup14 · first_building Castle |
| 22:41 | Cabbage · first_building Siege Workshop |
| 23:50 | Cabbage · first_building Barracks |
| 24:29 | El facturador · first_market_sell 100 food |
| 24:30 | El facturador · first_market_buy 100 wood |
| 26:08 | El facturador · first_building Archery Range |
| 26:11 | Movinup14 · wall_segment Stone Wall x11 |
| 26:47 | Movinup14 · wall_segment Stone Wall x1 |
| 26:48 | Movinup14 · wall_segment Stone Wall x1 |
| 26:49 | Movinup14 · wall_segment Stone Wall x1 |
| 26:49 | Movinup14 · wall_segment Stone Wall x1 |
| 26:50 | Movinup14 · wall_segment Stone Wall x1 |
| 26:51 | Movinup14 · wall_segment Stone Wall x1 |
| 27:14 | Movinup14 · first_building Siege Workshop |
| 27:31 | Movinup14 · age_up imperial |
| 27:39 | Movinup14 · wall_segment Stone Wall x1 |
| 27:40 | Movinup14 · wall_segment Stone Wall x1 |
| 28:59 | El facturador · age_up imperial |
| 29:03 | El facturador · tribute_sent a jugador 1 |
| 29:03 | El facturador · tribute_sent a jugador 2 |
| 29:03 | El facturador · tribute_sent a jugador 4 |
| 29:28 | El facturador · first_building Castle |
| 29:37 | Psalms18:2 · first_building Archery Range |
| 32:54 | Cabbage · age_up imperial |
| 34:20 | Cabbage · first_market_buy 100 stone |
| 35:00 | Movinup14 · wall_segment Stone Wall x1 |
| 35:14 | Psalms18:2 · age_up imperial |
| 36:04 | Movinup14 · wall_segment Stone Wall x1 |
| 36:19 | Movinup14 · wall_segment Stone Wall x1 |
| 36:39 | Movinup14 · wall_segment Palisade Wall x1 |
| 37:40 | Movinup14 · first_building Barracks |
| 38:08 | Movinup14 · first_building Archery Range |
| 39:46 | Movinup14 · tribute_sent a jugador 1 |
| 39:46 | Movinup14 · tribute_sent a jugador 3 |
| 39:46 | Movinup14 · tribute_sent a jugador 4 |
| 42:07 | Psalms18:2 · first_building Siege Workshop |
| 46:02 | Movinup14 · wall_segment Stone Wall x1 |
| 46:02 | Cabbage · first_building Stable |
| 48:53 | Movinup14 · tribute_sent a jugador 1 |
| 48:53 | Movinup14 · tribute_sent a jugador 3 |
| 48:53 | Movinup14 · tribute_sent a jugador 4 |
| 48:55 | El facturador · first_building Siege Workshop |
| 63:48 | Movinup14 · resign |
[ AI ANALYSIS · 1 CREDIT ]
What really happened in this match?
Wolo.gg analyzes every decision: build order, eco, micro, common mistakes by bracket. Personalized analysis on WhatsApp or Discord in 30 seconds.
Civ guide
Inca
Map guide
Arena
Perfil
Jugador #2538185